 Dungeon Crawl Stone Soup version 0.20.0-8-g6b59dc7 (webtiles) character file.

208 Darkell the Slasher (level 5, 0/31 HPs)
             Began as a Tengu Gladiator on May 30, 2017.
             Was an Initiate of Nemelex Xobeh.
             Succumbed to a worker ant's poison
             ... on level 4 of the Dungeon.
             The game lasted 00:03:23 (3156 turns).

Darkell the Slasher (Tengu Gladiator)               Turns: 3156, Time: 00:03:24

Health: 0/31       AC:  6    Str: 15    XL:     5   Next: 86%
Magic:  6/6        EV: 11    Int:  8    God:    Nemelex Xobeh [......]
Gold:   133        SH:  7    Dex: 16    Spells: 4/4 levels left

rFire    . . .     SeeInvis .   a - +0 long sword
rCold    . . .     Gourm    .   r - +0 shield
rNeg     . . .     Faith    .   b - +0 leather armour
rPois    .         Spirit   .   c - +0 hat
rElec    .         Reflect  .   (no cloak)
rCorr    .         Harm     .   (no gloves)
MR       .....                  (boots unavailable)
Stlth    ++........             (no amulet)
Regen    0.1/turn               (no ring)
MPRegen  0.1/turn               (no ring)

@: lethally poisoned (0 -> -4), very slightly contaminated, invisible
A: beak, horns 1, talons 3, slimy green scales 1, shaggy fur 1, no potion heal
1, able to fly 1
a: Fly, Renounce Religion


You were on level 4 of the Dungeon.
You worshipped Nemelex Xobeh.
Nemelex Xobeh was noncommittal.
You were very hungry.

You visited 1 branch of the dungeon, and saw 4 of its levels.

You collected 133 gold pieces.

Inventory:

Hand Weapons
 a - a +0 long sword (weapon)
Missiles
 d - 3 throwing nets (quivered)
Armour
 b - a +0 leather armour (worn)
 c - a +0 hat (worn)
 r - a +0 shield (worn)
Wands
 s - a wand of acid (4/15)
Scrolls
 e - 2 scrolls of teleportation {unknown}
 h - 2 scrolls of identify {unknown}
 l - a scroll of recharging {unknown}
 m - 2 scrolls of enchant armour {unknown}
 o - a scroll of remove curse {unknown}
Potions
 g - a potion of invisibility
 p - a potion of mutation
Miscellaneous
 q - a plain deck of destruction
Comestibles
 f - 3 bread rations
 i - a royal jelly
 j - 2 meat rations
 n - 3 fruits


   Skills:
 + Level 2.4 Fighting
 + Level 5.1 Long Blades
 + Level 2.1 Throwing
 + Level 1.9 Armour
 + Level 4.4 Dodging
 + Level 1.5 Stealth


You had 4 spell levels left.
You didn't know any spells.

Dungeon Overview and Level Annotations

Branches:
Dungeon (4/15)
 Temple: D:4-7

Altars:
Ashenzari
Gozag
Nemelex Xobeh


Innate Abilities, Weirdness & Mutations

You have a beak for a mouth.
You have claws for feet.
You can fly.
You have a pair of small horns on your head.
You are partially covered in slimy green scales. (AC +2)
You are covered in fur. (AC +1)
Potions are less effective at restoring your health.


Message History

* * * LOW HITPOINT WARNING * * *
You feel sick. You block the worker ant's attack. x2
It was a potion of mutation.
You feel extremely strange. Fur sprouts all over your body.
A pair of horns grows on your head!
Your system partially rejects the healing effects of potions.
Slimy green scales grow over part of your body.
You block the worker ant's attack.
It was a potion of invisibility.
You fade into invisibility!
* * * LOW HITPOINT WARNING * * *
You feel sick. You block the worker ant's attack.
You are very lightly contaminated with residual magic.
It was a potion of magic.
Magic courses through your body. The worker ant closely misses you.
You riposte.
You closely miss the worker ant. You claw the worker ant.
You peck the worker ant.
You kill the worker ant!
Your Long Blades skill increases to level 5!
You die...
Your body disappears without a glow.

#...# #...# #...# #...#
#...# ######### #...#
#.......# #...#
#.......#
#####...###.......######
........@..............#
###########.......####.#
#.......####.##
#.............<
#..............
######.........
#......... #.........
#.........


There were no monsters in sight!

Vanquished Creatures
  An orc priest (D:3)
  An orc wizard (D:3)
  A worker ant (D:4)
  4 adders
  A howler monkey skeleton (D:3)
  An ooze (D:2)
  An adder skeleton (D:4)
  3 worms
  2 dart slugs (D:1)
  4 leopard geckos
  3 orcs (D:3)
  A ball python (D:2)
  7 bats
  2 giant cockroaches
  5 goblins
  6 hobgoblins
  5 kobolds
  2 quokkas (D:2)
  3 frilled lizards
  A quokka zombie (D:3)
  5 rats
59 creatures vanquished.

Notes
Turn   | Place    | Note
-------+----------+-------------------------------------------
     0 | D:1      | Darkell the Tengu Gladiator began the quest for the Orb.
     0 | D:1      | Reached XP level 1. HP: 12/12 MP: 2/2
   122 | D:1      | Reached XP level 2. HP: 17/17 MP: 3/3
   570 | D:1      | Reached XP level 3. HP: 21/21 MP: 4/4
  1072 | D:2      | Reached skill level 4 in Long Blades
  1492 | D:2      | Reached XP level 4. HP: 26/26 MP: 5/5
  2016 | D:3      | Found a faded altar of an unknown god.
  2232 | D:3      | Reached skill level 1 in Armour
  2357 | D:3      | Reached skill level 1 in Stealth
  2357 | D:3      | Gained mutation: You can fly. [Tengu growth]
  2357 | D:3      | Reached XP level 5. HP: 28/30 MP: 6/6
  2728 | D:4      | Found a shattered altar of Ashenzari.
  2910 | D:4      | Found a sparkling altar of Nemelex Xobeh.
  2923 | D:4      | Became a worshipper of Nemelex Xobeh the Trickster
  2930 | D:4      | Found an opulent altar of Gozag.
  2941 | D:4      | Received a gift from Nemelex Xobeh
  3153 | D:4      | Gained mutation: You are covered in fur. (AC +1) [potion of mutation]
  3153 | D:4      | Gained mutation: You have a pair of small horns on your head. [potion of mutation]
  3153 | D:4      | Gained mutation: Potions are less effective at restoring your health. [potion of mutation]
  3153 | D:4      | Gained mutation: You are partially covered in slimy green scales. (AC +2) [potion of mutation]
  3154 | D:4      | HP: 1/31 [poisoned by a worker ant]
  3155 | D:4      | Reached skill level 5 in Long Blades
  3156 | D:4      | Succumbed to a worker ant's poison

Skill      XL: |  1  2  3  4  5 |
---------------+----------------+-----
Dodging        | 4 |  4.4
Long Blades    | 4 5 |  5.1
Armour         | 1 |  1.9
Stealth        | 1 |  1.5
Fighting       | |  2.4
Throwing       | |  2.1

Action                   |  1- 3 |  4- 6 || total
-------------------------+-------+-------++-------
Melee: Long sword        |    64 |    73 ||   137
       Kick              |    14 |    28 ||    42
       Peck              |     7 |    17 ||    24
  Use: Potion            |       |     3 ||     3
 Stab: Sleeping          |     1 |     4 ||     5
  Eat: Chunk             |     2 |     4 ||     6
Armor: Leather armour    |    11 |    18 ||    29
Dodge: Dodged            |    38 |    56 ||    94
Block: Shield            |       |    11 ||    11
       Rpst.: Long sword |     8 |    16 ||    24
